 Dungeon Crawl Stone Soup version 0.19.3-1-g3169bf9 (webtiles) character file.

101 zhar the Sneak (level 4, -1/30 HPs)
             Began as a Vampire Necromancer on Jan 24, 2017.
             Slain by a gnoll
             ... wielding a +0 spear
              (8 damage)
             ... on level 2 of the Dungeon.
             The game lasted 00:18:42 (3729 turns).

zhar the Sneak (Vampire Necromancer)                Turns: 3729, Time: 00:18:43

Health: -1/30      AC:  2    Str:  7    XL:     4   Next: 48%
Magic:  3/7        EV: 12    Int: 18    God:
Gold:   47         SH:  0    Dex: 14    Spells: 2 memorised, 5 levels left

rFire  . . .     SeeInvis +     j - +0 short sword
rCold  + . .     Gourm    .     a - +0 robe
rNeg   + + .     Faith    .     (no shield)
rPois  +         Spirit   .     (no helmet)
rElec  .         Reflect  .     (no cloak)
rCorr  .         Harm     .     (no gloves)
MR     .....                    (no boots)
Stlth  ++++......               (no amulet)
                                (no ring)
                                (no ring)

@: regenerating slowly
A: fangs 3, see invisible, unbreathing
a: Bat Form


You were on level 2 of the Dungeon.
You were thirsty.

You visited 1 branch of the dungeon, and saw 2 of its levels.

You collected 47 gold pieces.

Inventory:

Hand Weapons
 i - a +0 dagger
 j - a +0 short sword (weapon)
Armour
 a - a +0 robe (worn)
 g - a +0 robe
 k - a +1 hat
Wands
 h - a wand of digging (10/24)
Potions
 c - 14 potions of blood
 d - 2 potions of heal wounds {unknown}
 e - a potion of might {unknown}
 f - a potion of brilliance {unknown}
 l - a potion of cure mutation {unknown}
 m - a potion of degeneration {unknown}
 n - a potion of magic {unknown}
Books
 b - a book of Necromancy

   Spells                             Type                      Level
   a - Pain                           Necromancy                   1
   b - Animate Skeleton               Necromancy                   1
   c - Vampiric Draining              Necromancy                   3
   d - Regeneration                   Charms/Necromancy            3
   e - Animate Dead                   Necromancy                   4
   f - Control Undead                 Necromancy                   4


   Skills:
 * Level 1.2 Short Blades
 - Level 2.1 Dodging
 - Level 7.1 Stealth
 - Level 2.0 Spellcasting
 - Level 4.3 Necromancy


You had 5 spell levels left.
You knew the following spells:

 Your Spells              Type           Power        Failure   Level  Hunger
a - Pain                  Necr           ###.         3%          1    #......
b - Animate Skeleton      Necr           N/A          3%          1    #......


Dungeon Overview and Level Annotations

Branches:
Dungeon (2/15)

Altars:


Innate Abilities, Weirdness & Mutations

You heal slowly.
You have razor-sharp teeth.
You have supernaturally acute eyesight. (SInv)
You can survive without breathing.


Message History

Confirm with . or Enter, or press ? or * to list all spells.
Aiming: Pain
Press: ? - help, Shift-Dir - straight line, f/p - gnoll
Aim: a gnoll, wielding a spear (lightly wounded, chance to defeat MR: 82%)
The gnoll writhes in agony!
The gnoll hits you with a spear.
Casting: Pain
Confirm with . or Enter, or press ? or * to list all spells.
Aiming: Pain
Press: ? - help, Shift-Dir - straight line, f/p - gnoll
Aim: a gnoll, wielding a spear (moderately wounded, chance to defeat MR: 82%)
The gnoll writhes in agony!
The gnoll completely misses you.
Casting: Pain
Confirm with . or Enter, or press ? or * to list all spells.
Aiming: Pain
Press: ? - help, Shift-Dir - straight line, f/p - gnoll
Aim: a gnoll, wielding a spear (heavily wounded, chance to defeat MR: 82%)
The gnoll writhes in agony!
The gnoll hits you with a spear.
* * * LOW HITPOINT WARNING * * *
The gnoll hits you from afar with a spear!
You die...

#.# #.#...####..# *,* **,,,* #.#
#..###.##...# *,* **,** #.# #..#
#....#.# *,* *,** #.#
##.###.##.#.# *,* *,,,
#.#####...###.#.###### *,* ****
#.##.....## #.#...>..# *,*
#g##.##### #.#..###.# *,* #.##.#
#....# *,***,** #.##.#
#.#.@###.##..,******* #.##.#
#.#...g.....?,,,,,,,, #)##.#
#.#.######...,******, #.##.#
#.#..,,,,,,,,,,,* *,
#.##g########.#.#*****,*,**,****,
#.##.............,,,,,,*,**,,,,,,
#...............#*******,,,,,,,,,
############*###* **********


You could see a gnoll.

Vanquished Creatures
  3 gnolls (D:2)
  An adder (D:2)
  An ooze (D:1)
  2 worms (D:2)
  A dart slug (D:1)
  A leopard gecko (D:2)
  2 giant cockroaches
  4 goblins (D:1)
  8 hobgoblins
  5 kobolds
  A quokka (D:2)
  5 bats
  7 frilled lizards
  9 rats
50 creatures vanquished.

Vanquished Creatures (collateral kills)
  A dart slug (D:1)
1 creature vanquished.

Grand Total: 51 creatures vanquished

Notes
Turn   | Place    | Note
-------+----------+-------------------------------------------
     0 | D:1      | zhar the Vampire Necromancer began the quest for the Orb.
     0 | D:1      | Reached XP level 1. HP: 13/13 MP: 3/3
   106 | D:1      | Learned a level 1 spell: Animate Skeleton
   164 | D:1      | Reached skill level 4 in Stealth
   646 | D:1      | Reached XP level 2. HP: 19/19 MP: 3/5
  1220 | D:1      | Reached skill level 5 in Stealth
  2100 | D:1      | Reached XP level 3. HP: 24/24 MP: 4/6
  2430 | D:2      | Reached skill level 6 in Stealth
  2757 | D:2      | Reached XP level 4. HP: 25/30 MP: 1/7
  3153 | D:2      | Reached skill level 7 in Stealth
  3543 | D:2      | Reached skill level 1 in Short Blades
  3729 | D:2      | Slain by a gnoll

Skill      XL: |  1  2  3  4 |
---------------+-------------+-----
Stealth        | 4 5 6 7 |  7.1
Short Blades   | 1 |  1.2
Dodging        | |  2.1
Spellcasting   | |  2.0
Necromancy     | |  4.3

Action                   |  1- 3 |  4- 6 || total
-------------------------+-------+-------++-------
Melee: Unarmed           |     3 |       ||     3
       Dagger            |    13 |       ||    13
       Short sword       |       |    10 ||    10
 Cast: Pain              |    65 |    26 ||    91
       Animate Skeleton  |     6 |     1 ||     7
 Abil: End Transformatio |     4 |     4 ||     8
       Bat Form          |     4 |     4 ||     8
  Use: Potion            |     2 |     3 ||     5
       Scroll            |     2 |       ||     2
 Stab: Sleeping          |     7 |     6 ||    13
  Eat: Corpse            |     1 |       ||     1
Armor: Robe              |     7 |     2 ||     9
Dodge: Dodged            |    24 |     8 ||    32
